 Dungeon Crawl Stone Soup version 0.24.0-125-gc4c63601f3 (webtiles) character file.

Game seed: 742005066896983790, levelgen mode: deterministic

17908 Peloso the Carver (level 12, -5/107 HPs)
             Began as a Minotaur Fighter on Feb 20, 2020.
             Was a High Priest of Okawaru.
             Killed from afar by an oklob plant (9 damage)
             ... with a splash of acid
             ... on level 1 of the Lair of Beasts.
             The game lasted 00:30:51 (14405 turns).

Peloso the Carver (Minotaur Fighter)               Turns: 14405, Time: 00:30:51

Health: -5/107     AC:  2    Str: 24    XL:     12   Next: 23%
Magic:  9/11       EV: 12    Int:  5    God:    Okawaru [*****.]
Gold:   754        SH: 16    Dex: 17    Spells: 11/11 levels left

rFire    . . .     SeeInvis .   a - +0 long sword
rCold    . . .     Gourm    .   c - +0 shield
rNeg     + . .     Faith    +   q - +0 plate armour
rPois    .         Spirit   .   (helmet restricted)
rElec    .         Reflect  .   i - scarf {cloud immunity}
rCorr    .         Harm     .   (no gloves)
MR       .....                  j - +0 pair of boots
Stlth    ..........             L - amulet of faith
HPRegen  0.27/turn              W - ring of positive energy
MPRegen  0.12/turn              S - +5 ring of dexterity

@: heroism, corroded, studying Dodging
A: retaliatory headbutt, horns 2
a: Heroism, Finesse, Renounce Religion


You were on level 1 of the Lair of Beasts.
You worshipped Okawaru.
Okawaru was extremely pleased with you.
You were not hungry.

You visited 3 branches of the dungeon, and saw 15 of its levels.

You collected 904 gold pieces.
You spent 150 gold pieces at shops.

Inventory:

Hand Weapons
 a - a +0 long sword (weapon)
 b - a +1 whip of flaming
 H - the +11 flail "Arbiter" {speed, +Rage rElec rPois MR-}
   (You found it on level 7 of the Dungeon)

   Attacks with this weapon are significantly faster.
   It insulates you from electricity.
   It protects you from poison.
   It affects your resistance to hostile enchantments.
   It lets you go berserk.
Armour
 c - a +0 shield (worn)
 i - a scarf of cloud immunity (worn)
 j - a +0 pair of boots (worn)
 q - a +0 plate armour (worn)
 R - the +1 scale mail "Ruppot" {Dex+4}
   (Okawaru gifted it to you on level 12 of the Dungeon)

   It affects your dexterity (+4).
Jewellery
 y - a +4 ring of evasion
 A - a +5 amulet of reflection
 J - an uncursed ring of wizardry
 L - an amulet of faith (around neck)
 Q - an uncursed ring of magical power
 S - a +5 ring of dexterity (right hand)
 W - a ring of positive energy (left hand)
Wands
 v - a wand of enslavement (10)
 x - a wand of digging (10)
 F - a wand of paralysis (19)
 I - a wand of polymorph (12)
 M - a wand of acid (13)
 N - a wand of disintegration (10)
 O - a wand of flame (18)
Scrolls
 e - 4 scrolls of identify
 g - 3 scrolls of amnesia {unknown}
 k - 3 scrolls of magic mapping {unknown}
 l - 2 scrolls of noise {unknown}
 m - 6 scrolls of enchant armour {unknown}
 n - 2 scrolls of blinking
 o - 5 scrolls of teleportation
 p - 2 scrolls of random uselessness {unknown}
 r - 8 scrolls of remove curse
 z - 3 scrolls of enchant weapon {unknown}
 C - a scroll of fear {unknown}
 D - 2 scrolls of fog {unknown}
 G - a scroll of holy word {unknown}
 V - a scroll of immolation {unknown}
Potions
 d - 4 potions of might
 h - a potion of haste
 s - 3 potions of flight
 t - 2 potions of brilliance
 u - 3 potions of berserk rage
 w - 2 potions of curing
 B - a potion of agility
 P - a potion of ambrosia
 T - a potion of mutation
Books
 E - a manual of Dodging
Comestibles
 f - 22 rations
 U - a chunk of flesh


   Skills:
 + Level 10.4(15.4) Fighting
 + Level 14.1(19.1) Long Blades
 + Level 10.7(15.7) Armour
 + Level 2.0(7.0) Dodging
 + Level 0.7(5.7) Stealth
 + Level 13.2(18.2) Shields
 + Level 1.1 Invocations


You had 11 spell levels left.
You didn't know any spells.
Your spell library contained the following spells:

 Spells                   Type           Power        Failure   Level  Hunger
 Animate Skeleton         Necr           N/A          99%         1    ##.....
 Apportation              Tloc           #.....       99%         1    ##.....
 Confusing Touch          Hex            #.....       99%         1    ##.....
 Corona                   Hex            #......      99%         1    ##.....
 Magic Dart               Conj           #...         99%         1    ##.....
 Summon Small Mammal      Summ           #...         99%         1    ##.....
 Blink                    Tloc           N/A          99%         2    ###....
 Call Imp                 Summ           #.......     99%         2    ###....
 Ensorcelled Hibernation  Hex/Ice        #.....       99%         2    ###....
 Slow                     Hex            #.......     99%         2    ###....
 Confuse                  Hex            #.......     100%        3    ####...
 Conjure Flame            Conj/Fire      #.......     100%        3    ####...
 Dazzling Spray           Conj/Hex       #.....       100%        3    ####...
 Mephitic Cloud           Conj/Pois/Air  #.......     100%        3    ####...
 Stone Arrow              Conj/Erth      #.....       100%        3    ####...
 Teleport Other           Tloc           #.......     100%        3    ####...
 Tukima's Dance           Hex            #.......     100%        3    ####...
 Lee's Rapid Deconstruct  Erth           #.........   100%        5    ######.
 Malign Gateway           Summ/Tloc      #.........   100%        7    #######


Dungeon Overview and Level Annotations

Branches:
Dungeon (13/15)            Temple (1/1) D:7            Lair (1/6) D:9
    Orc (0/2) D:12         Vaults (0/5) D:13

Altars:
Ashenzari
Cheibriados
Dithmenos
Elyvilon
Fedhas
Gozag
Hepliaklqana
Kikubaaqudgha
Makhleb
Nemelex Xobeh
Okawaru
Qazlal
Ru
Sif Muna
Trog
Uskayaw
Vehumet
Wu Jian
Xom
Yredelemnul
Zin
The Shining One

Shops:
D:5 ?

Annotations:
Lair:1 3 runed translucent doors, exclusion: 2 oklob plants, execc's ghost, journeyman OpBe


Innate Abilities, Weirdness & Mutations

You reflexively headbutt those who attack you in melee.
You have a pair of horns on your head.


Message History

* * * LOW HITPOINT WARNING * * *
You gain the combat prowess of a mighty hero.
The oklob plant spits acid at you. The splash of acid hits you!
* * * LOW HITPOINT WARNING * * *
The acid corrodes you!
You are splashed with acid!
* * * LOW HITPOINT WARNING * * *
Unknown command.
Okay, then.
Blink to where?
Press: ? - help, Dir - move target cursor
Okay, then.
Evoke which item? (* to show all) (? for menu, Esc to quit)
Aiming: Dig
Press: ? - help, Shift-Dir - straight line A rock wall.
The rock shatters into small pieces.
The oklob plant spits acid at you. The splash of acid hits you!
You die...

#. #.# ... #.# ...# #.#
...# #.# ...# #.# ...#
##.# ...### ### #@#
...#.###.#######.#####
......รท...!.......P$:#
.....#.#####P......$.#
...##### ####..PP$.#
...# ##.##### ...# ###
...# ...#


You could see an oklob plant.

Vanquished Creatures
  Harold (D:10)
  2 two-headed ogres
  4 ugly things
  A cyclops (D:12)
  A manticore (D:13)
  A centaur zombie (D:12)
  2 spiny frogs (Lair:1)
  2 komodo dragons (Lair:1)
  3 trolls
  A hornet (D:9)
  A blink frog (Lair:1)
  5 hippogriffs
  2 wyverns
  8 yaks
  A hungry ghost (D:10)
  Menkaure (D:7)
  Duvessa (D:7)
  A water moccasin (D:8)
  3 sky beasts
  5 porcupines (Lair:1)
  5 orc warriors
  3 phantoms
  3 black bears
  An eye of draining (D:10)
  6 ice beasts
  2 necrophages
  4 ogres
  5 centaurs
  8 wolves
  5 crocodiles (Lair:1)
  2 big kobolds
  8 bullfrogs
  Dowan (D:7)
  6 scorpions
  11 wights
  4 killer bees (D:10)
  6 howler monkeys
  3 electric eels (D:9)
  5 crimson imps
  3 bullfrog zombies
  6 jellies
  3 bullfrog skeletons
  9 hounds
  12 orc priests
  15 orc wizards
  5 iguanas
  8 worker ants
  A hound zombie (D:11)
  A hound skeleton (D:6)
  17 adders
  4 gnolls (D:5)
  A shadow imp (D:7)
  3 adder zombies
  2 oozes
  An adder skeleton (D:5)
  3 worms
  4 dart slugs (D:1)
  8 leopard geckos
  49 orcs
  2 ball pythons (D:4)
  9 giant cockroaches
  5 goblins
  9 hobgoblins
  10 jackals (D:1)
  9 kobolds
  3 quokkas
  A ball python skeleton (D:4)
  A ball python zombie (D:5)
  7 bats
  6 frilled lizards
  A jackal zombie (D:9)
  A leopard gecko skeleton (D:7)
  A leopard gecko zombie (D:6)
  A quokka skeleton (D:4)
  A quokka zombie (D:5)
  7 rats
  A plant (Lair:1)
364 creatures vanquished.

Vanquished Creatures (others)
  5 dream sheep (D:7)
  A plant (Lair:1)
6 creatures vanquished.

Grand Total: 370 creatures vanquished

Notes
Turn   | Place    | Note
-------+----------+-------------------------------------------
     0 | D:1      | Peloso the Minotaur Fighter began the quest for the Orb.
     0 | D:1      | Reached XP level 1. HP: 19/19 MP: 0/0
   186 | D:1      | Reached XP level 2. HP: 27/27 MP: 1/1
   417 | D:1      | Reached skill level 3 in Long Blades
   660 | D:1      | Reached XP level 3. HP: 33/33 MP: 2/2
  1042 | D:2      | Found a glowing silver altar of Zin.
  1326 | D:2      | Reached XP level 4. HP: 39/41 MP: 3/3
  1352 | D:2      | Found a shadowy altar of Dithmenos.
  2065 | D:3      | Found a bloodstained altar of Trog.
  2140 | D:3      | Reached skill level 4 in Long Blades
  2140 | D:3      | Reached XP level 5. HP: 47/47 MP: 4/4
  2389 | D:3      | Reached skill level 1 in Dodging
  2730 | D:4      | Noticed an ogre
  2738 | D:4      | Killed an ogre
  2738 | D:4      | Reached skill level 5 in Fighting
  2738 | D:4      | Reached skill level 5 in Armour
  2738 | D:4      | Reached XP level 6. HP: 45/56 MP: 5/5
  2809 | D:3      | Reached skill level 5 in Shields
  2913 | D:4      | Reached skill level 5 in Long Blades
  3147 | D:4      | Found a sparkling altar of Nemelex Xobeh.
  3383 | D:5      | Entered Level 5 of the Dungeon
  3412 | D:5      | Reached XP level 7. HP: 50/61 MP: 6/6
  3554 | D:5      | Found Wiyfaam's Magic Scroll Boutique.
  3576 | D:5      | Bought a scroll of identify for 24 gold pieces
  3576 | D:5      | Bought a scroll of teleportation for 36 gold pieces
  3576 | D:5      | Bought a scroll of blinking for 90 gold pieces
  3713 | D:5      | Reached skill level 6 in Long Blades
  3963 | D:5      | Found a glowing golden altar of the Shining One.
  3963 | D:5      | Found a hide-covered altar of Uskayaw.
  4174 | D:6      | Reached XP level 8. HP: 70/70 MP: 7/7
  4268 | D:6      | Reached skill level 7 in Long Blades
  4461 | D:6      | Found a sacrificial altar of Ru.
  4537 | D:6      | Reached skill level 8 in Long Blades
  4841 | D:6      | Found a snail-covered altar of Cheibriados.
  5140 | D:7      | Reached XP level 9. HP: 71/78 MP: 8/8
  5180 | D:7      | Noticed Dowan
  5184 | D:7      | Noticed Duvessa
  5190 | D:7      | Reached skill level 9 in Long Blades
  5198 | D:7      | Killed Duvessa
  5206 | D:7      | Killed Dowan
  5224 | D:7      | Found a staircase to the Ecumenical Temple.
  5247 | Temple   | Entered the Ecumenical Temple
  5275 | Temple   | Became a worshipper of Warmaster Okawaru
  5349 | D:7      | Noticed Menkaure
  5363 | D:7      | Killed Menkaure
  5384 | D:7      | Got a smoking flail
  5385 | D:7      | Identified the +11 flail "Arbiter" {speed, +Rage rElec
                  | rPois MR-} (You found it on level 7 of the Dungeon)
  5624 | D:7      | Reached skill level 10 in Long Blades
  5639 | D:7      | Reached skill level 10 in Shields
  5711 | D:7      | Reached * piety under Okawaru
  5912 | D:7      | Identified Geysoep's Papyrus of Twisted Earth
  6005 | D:7      | Found a shimmering altar of Xom.
  6397 | D:8      | Found a white marble altar of Elyvilon.
  6590 | D:8      | Reached XP level 10. HP: 83/86 MP: 9/9
  6966 | D:9      | Found a radiant altar of Vehumet.
  6966 | D:9      | Found a burning altar of Makhleb.
  6998 | D:9      | Reached ** piety under Okawaru
  7003 | D:9      | Reached skill level 11 in Long Blades
  7220 | D:9      | Reached *** piety under Okawaru
  7463 | D:9      | Found a staircase to the Lair.
  7881 | D:9      | Reached skill level 12 in Long Blades
  7937 | D:9      | Found a sacrificial altar of Ru.
  7957 | D:9      | Paralysed by a hornet for 2 turns
  8485 | D:10     | Entered Level 10 of the Dungeon
  8566 | D:10     | Noticed a two-headed ogre
  8578 | D:10     | Killed a two-headed ogre
  8578 | D:10     | Reached **** piety under Okawaru
  8605 | D:10     | Reached XP level 11. HP: 63/95 MP: 10/10
  9157 | D:10     | Noticed Harold
  9196 | D:10     | HP: 1/95 [Harold/+5 halberd of protection (23)]
  9590 | D:10     | Killed Harold
  9880 | D:11     | You fall into a shaft and drop 2 floors!
  9885 | D:13     | Found a gate to the Vaults.
  9885 | D:13     | Noticed a vault guard
  9885 | D:13     | Noticed a vault guard
  9885 | D:13     | Noticed a vault guard
  9885 | D:13     | Noticed a vault guard
  9885 | D:13     | Noticed a skeletal warrior
  9901 | D:13     | Noticed a purple ugly thing
  9926 | D:13     | Killed a purple ugly thing
  9926 | D:13     | Reached skill level 13 in Long Blades
 10017 | D:13     | Reached skill level 1 in Invocations
 10032 | D:13     | Reached ***** piety under Okawaru
 10041 | D:13     | Received a gift from Okawaru
 10689 | D:12     | Noticed a two-headed ogre
 10702 | D:12     | Killed a two-headed ogre
 11098 | D:12     | Found a staircase to the Orcish Mines.
 11685 | D:12     | Noticed a brown ugly thing
 11698 | D:12     | Killed a brown ugly thing
 11716 | D:12     | Noticed a green ugly thing
 11732 | D:12     | Killed a green ugly thing
 11732 | D:12     | Reached skill level 10 in Armour
 12144 | D:12     | Received a gift from Okawaru
 12147 | D:12     | Got a smoking scale mail {god gift}
 12158 | D:12     | Identified the +1 scale mail "Ruppot" {Dex+4} (Okawaru
                  | gifted it to you on level 12 of the Dungeon)
 12407 | D:11     | Noticed a red ugly thing
 12419 | D:11     | Killed a red ugly thing
 13300 | Lair:1   | Entered Level 1 of the Lair of Beasts
 13392 | Lair:1   | Reached skill level 14 in Long Blades
 13401 | Lair:1   | Found a runed translucent gate.
 13402 | Lair:1   | Found a runed translucent gate.
 13402 | Lair:1   | Noticed a death ooze
 13403 | Lair:1   | Found a runed translucent gate.
 13404 | Lair:1   | Noticed execc's ghost (journeyman OpBe)
 13432 | Lair:1   | Reached skill level 10 in Fighting
 13432 | Lair:1   | Reached XP level 12. HP: 72/106 MP: 11/11
 14404 | Lair:1   | HP: 4/107 [acid (14)]
 14405 | Lair:1   | Killed from afar by an oklob plant

Levels and vault maps discovered:
D:1:      evilmike_arrival_crescent, layout_loops_corners,
          minmay_split_cup_small
D:2:      layout_loops_ring, nicolae_dithmenos_shadow_blocks, zin_statuary
D:3:      layout_basic, lightli_temple_of_fire, first_ration, st_stairs_10
D:4:      layout_loops_ring, nemelex_xobeh_ov_fountains_minmay
D:5:      layout_basic, gammafunk_temple_overflow_wave, serial_shops,
          nicolae_shop_waterfront
D:6:      lemuel_ice_spiral_2, layout_basic, overflow_temple_1_default,
          cheibrodos_worm_habitat, minmay_manual_moon
D:7:      layout_basic, kb_xom_exploding_sheep, temple_pool_b,
          minmay_quadrilaterals, uniq_duvessa, uniq_menkaure
D:8:      layout_loops_corners, elyvilon_altar_1
D:9:      layout_loops_cross, grunt_temple_overflow_lords_of_destruction,
          erik_lair_island, basic_altar
D:10:     layout_stronghold, uniq_harold
D:11:     layout_gridville
D:12:     layout_basic, david_orc_3, blue_anna_alchemist
          [blue_anna_fruit_fields, blue_anna_fruit_fields]
D:13:     layout_basic, lightli_vaults_fourway_checkpoint, bh_walls_and_bars
Temple:   chequers_temple_sunken
Lair:1:   layout_gridlike, gammafunk_ghost_ooze, minivault_19,
          minmay_lair_oklob_chamber

Skill      XL: |  1  2  3  4  5  6  7  8  9 10 11 12 |
---------------+-------------------------------------+-----
Fighting       | 4 5 6 7 8 10 | 10.4
Armour         | 4 5 6 7 8 10 | 10.7
Long Blades    | 3 4 5 6 8 10 12 14 | 14.1
Shields        | 4 6 8 10 11 12 13 | 13.2
Dodging        | 1 2 |  2.0
Invocations    | 1 |  1.1
Stealth        | |  0.7

Action                   |  1- 3 |  4- 6 |  7- 9 | 10-12 || total
-------------------------+-------+-------+-------+-------++-------
Melee: Long sword        |    96 |   158 |   387 |   765 ||  1406
       Headbutt          |    18 |    29 |   100 |   183 ||   330
Invok: Heroism           |       |       |       |    11 ||    11
Evoke: Wand              |       |       |       |     1 ||     1
  Use: Potion            |     3 |       |     2 |     3 ||     8
       Scroll            |       |       |     1 |     9 ||    10
  Eat: Chunk             |     1 |     6 |    12 |    19 ||    38
       Ration            |       |       |       |     2 ||     2
Armor: Scale mail        |    56 |     3 |       |       ||    59
       Plate armour      |       |    82 |   114 |   204 ||   400
Dodge: Dodged            |    36 |    29 |   103 |   221 ||   389
Block: Shield            |    50 |    82 |   276 |   569 ||   977
       Reflection        |       |       |     1 |     4 ||     5
       Rpst.: Long sword |     6 |    10 |    28 |    54 ||    98
